TOP OF THE 1ST |
Houston Astros batting - Pitching for Pittsburgh Pirates : RHP Jose Vasquez
|
Pitching: RHP Jose Vasquez
|
|
Batting: LHB Jose Cruz
|
0-0: SINGLE (Line Drive, 8LS, EV 106.9 MPH)
|
Batting: RHB John Castino
|
0-0: Called Strike 0-1: Foul Ball, location: 2F 0-2: Ball 1-2: Ball 2-2: Foul Ball, location: 2F 2-2: Fly out, F7 (Line Drive, 7, EV 90.6 MPH)
|
Batting: RHB Julio Franco
|
0-0: Ball 1-0: Ball 2-0: Fly out, F3 (Popup, 3, EV 72.5 MPH)
|
Batting: LHB Steve Kemp
|
0-0: Ball 1-0: Foul Ball, location: 2F 1-1: Ball 2-1: Swinging Strike 2-2: Strikes out swinging
|
Top of the 1st over - 0 runs, 1 hit, 0 errors, 1 left on base; Houston 0 - Pittsburgh 0 |
BOTTOM OF THE 1ST |
Pittsburgh Pirates batting - Pitching for Houston Astros : RHP Steve Bedrosian
|
Pitching: RHP Steve Bedrosian
|
|
Batting: RHB Dan Gladden
|
0-0: Ball 1-0: Foul Ball, location: 2F 1-1: Ball 2-1: Foul Ball, location: 2F 2-2: Ball 3-2: Strikes out swinging
|
Batting: LHB Terry Whitfield
|
0-0: Ball 1-0: Ball 2-0: Ground out 1-3 (Groundball, 15, EV 66.3 MPH)
|
Batting: RHB Rennie Stennett
|
0-0: Foul Ball, location: 2F 0-1: SINGLE (Groundball, 3S, EV 90.6 MPH) (infield hit)
|
Batting: LHB Greg Walker
|
0-0: Foul Ball, location: 2F 0-1: Ball 1-1: Swinging Strike 1-2: Foul Ball, location: 2F 1-2: Ball 2-2: Foul Ball, location: 2F 2-2: Ground out 6-3 (Groundball, P, EV 88.8 MPH)
|
Bottom of the 1st over - 0 runs, 1 hit, 0 errors, 1 left on base; Houston 0 - Pittsburgh 0 |
TOP OF THE 2ND |
Houston Astros batting - Pitching for Pittsburgh Pirates : RHP Jose Vasquez
|
Batting: RHB Zail Smith
|
0-0: Foul Ball, location: 2F 0-1: Foul Ball, location: 2F 0-2: Foul Ball, location: 2F 0-2: Ball 1-2: SINGLE (Flyball, 8RS, EV 83.8 MPH)
|
Batting: SHB Christopher Clark
|
0-0: Ball Zail Smith steals 2nd base 1-0: Ball 2-0: DOUBLE (Line Drive, 3D, EV 101.9 MPH) Zail Smith scores
|
Batting: LHB Jerry Narron
|
0-0: Called Strike 0-1: Ball 1-1: Ball 2-1: Ball 3-1: Base on Balls
|
Batting: SHB Tom Herr
|
0-0: Fielders Choice at 2nd, 4-6 (Groundball, 4D, EV 103.8 MPH) Christopher Clark to third
|
Batting: RHB Steve Bedrosian
|
0-0: Fly out, F4 (Line Drive, 4, EV 74.4 MPH)
|
Batting: LHB Jose Cruz
|
0-0: Ball 1-0: Ball 2-0: Called Strike 2-1: Reached on error, E6 (Groundball, 6, EV 76.9 MPH) Christopher Clark scores Tom Herr to second
|
Batting: RHB John Castino
|
0-0: Foul Ball, location: 2F 0-1: Ball 1-1: Foul Ball, location: 2F 1-2: Foul Ball, location: 2F 1-2: Ball 2-2: Fly out, F3 (Popup, 3SF, EV 78.1 MPH)
|
Top of the 2nd over - 2 runs, 2 hits, 1 error, 2 left on base; Houston 2 - Pittsburgh 0 |
BOTTOM OF THE 2ND |
Pittsburgh Pirates batting - Pitching for Houston Astros : RHP Steve Bedrosian
|
Batting: SHB Chili Davis
|
0-0: Called Strike 0-1: SINGLE (Line Drive, 7S, EV 94.4 MPH)
|
Batting: RHB Mike C Brown
|
0-0: Ball Chili Davis steals 2nd base 1-0: Called Strike 1-1: Ball 2-1: Ball 3-1: Foul Ball, location: 2F 3-2: Strikes out swinging
|
Batting: SHB Ron Oester
|
0-0: Ball 1-0: Ball 2-0: Ball 3-0: Base on Balls
|
Batting: RHB William Max
|
0-0: Called Strike Ron Oester steals 2nd base Chili Davis steals 3rd base 0-1: Foul Ball, location: 2F 0-2: Ground out 6-3 (Groundball, 56D, EV 83.1 MPH) Chili Davis scores
|
Batting: RHB Jose Vasquez
|
0-0: Ball 1-0: Ground out 6-3 (Groundball, 6, EV 102.5 MPH)
|
Bottom of the 2nd over - 1 run, 1 hit, 0 errors, 1 left on base; Houston 2 - Pittsburgh 1 |
TOP OF THE 3RD |
Houston Astros batting - Pitching for Pittsburgh Pirates : RHP Jose Vasquez
|
Batting: RHB Julio Franco
|
0-0: Ball 1-0: Called Strike 1-1: Foul Ball, location: 2F 1-2: Strikes out swinging
|
Batting: LHB Steve Kemp
|
0-0: Foul Ball, location: 2F 0-1: Fly out, F7 (Flyball, 7S, EV 91.9 MPH)
|
Batting: RHB Zail Smith
|
0-0: Fly out, F6 (Line Drive, 6, EV 73.8 MPH)
|
Top of the 3rd over - 0 runs, 0 hits, 0 errors, 0 left on base; Houston 2 - Pittsburgh 1 |
BOTTOM OF THE 3RD |
Pittsburgh Pirates batting - Pitching for Houston Astros : RHP Steve Bedrosian
|
Batting: RHB Dan Gladden
|
0-0: Ball 1-0: Foul Ball, location: 2F 1-1: Ball 2-1: Foul Ball, location: 2F 2-2: Foul Ball, location: 2F 2-2: Foul Ball, location: 2F 2-2: Ball 3-2: SINGLE (Line Drive, 7LS, EV 105.0 MPH)
|
Batting: LHB Terry Whitfield
|
0-0: Called Strike 0-1: Called Strike 0-2: Foul Ball, location: 2F 0-2: Ball 1-2: Strikes out swinging
|
Batting: RHB Rennie Stennett
|
0-0: Ball 1-0: Ball Dan Gladden steals 2nd, throwing error, E2 Dan Gladden to third 2-0: Called Strike 2-1: Ground out 4-3 (Groundball, 4M, EV 88.8 MPH) Dan Gladden scores
|
Batting: LHB Greg Walker
|
0-0: Foul Ball, location: 2F 0-1: Ball 1-1: Ball 2-1: SINGLE (Groundball, 56S, EV 65.6 MPH) (infield hit)
|
Batting: SHB Chili Davis
|
0-0: Ball 1-0: Ball 2-0: Called Strike 2-1: Ball 3-1: Base on Balls Greg Walker to second
|
Batting: RHB Mike C Brown
|
0-0: Called Strike 0-1: Ball 1-1: Ball 2-1: Ball 3-1: Foul Ball, location: 2F 3-2: Base on Balls Greg Walker to third Chili Davis to second
|
Batting: SHB Ron Oester
|
0-0: Called Strike 0-1: Called Strike 0-2: Ball 1-2: Strikes out looking
|
Bottom of the 3rd over - 1 run, 2 hits, 1 error, 3 left on base; Houston 2 - Pittsburgh 2 |
TOP OF THE 4TH |
Houston Astros batting - Pitching for Pittsburgh Pirates : RHP Jose Vasquez
|
Batting: SHB Christopher Clark
|
0-0: Fly out, F5 (Popup, 5SF, EV 77.5 MPH)
|
Batting: LHB Jerry Narron
|
0-0: Called Strike 0-1: Fly out, F8 (Flyball, 8RM, EV 94.4 MPH)
|
Batting: SHB Tom Herr
|
0-0: Called Strike 0-1: Foul Ball, location: 2F 0-2: Ball 1-2: Ground out U3 (Groundball, 34, EV 86.3 MPH)
|
Top of the 4th over - 0 runs, 0 hits, 0 errors, 0 left on base; Houston 2 - Pittsburgh 2 |
BOTTOM OF THE 4TH |
Pittsburgh Pirates batting - Pitching for Houston Astros : RHP Steve Bedrosian
|
Batting: RHB William Max
|
0-0: Swinging Strike 0-1: Ball 1-1: Foul Ball, location: 2F 1-2: Foul Ball, location: 2F 1-2: Ball 2-2: Ball 3-2: SINGLE (Line Drive, 5D, EV 95.0 MPH)
|
Pinch Hitting: LHB Craig Barnes
|
0-0: Ball 1-0: Bunted foul 1-1: Sac Bunt to 3S - play at first, batter OUT! 3-4 William Max to second
|
Batting: RHB Dan Gladden
|
0-0: DOUBLE (Line Drive, 78D, EV 103.1 MPH) William Max scores
|
Batting: LHB Terry Whitfield
|
0-0: Called Strike Dan Gladden is caught stealing 3rd base 2-5 0-1: Fly out, F8 (Flyball, 78D, EV 100.0 MPH)
|
Bottom of the 4th over - 1 run, 2 hits, 0 errors, 0 left on base; Houston 2 - Pittsburgh 3 |
TOP OF THE 5TH |
Houston Astros batting - Pitching for Pittsburgh Pirates : RHP Jose Vasquez
|
Pitching: RHP Scott Lyman
|
|
Pinch Hitting: SHB Bill D Doran
|
0-0: Ball 1-0: Fly out, F9 (Line Drive, 9, EV 89.4 MPH)
|
Batting: LHB Jose Cruz
|
0-0: Ball 1-0: Swinging Strike 1-1: Called Strike 1-2: Ball 2-2: Ball 3-2: Foul Ball, location: 2F 3-2: Foul Ball, location: 2F 3-2: Base on Balls
|
Batting: RHB John Castino
|
0-0: Ball 1-0: SINGLE (Flyball, 89S, EV 85.6 MPH) Jose Cruz to second Runner from 2nd tries for 3rd, SAFE, throw by RF made to third
|
Batting: RHB Julio Franco
|
0-0: Called Strike 0-1: Ball John Castino is caught stealing 2nd base 2-4 1-1: Ground out 6-3 (Groundball, 6, EV 81.3 MPH)
|
Top of the 5th over - 0 runs, 1 hit, 0 errors, 1 left on base; Houston 2 - Pittsburgh 3 |
BOTTOM OF THE 5TH |
Pittsburgh Pirates batting - Pitching for Houston Astros : RHP Steve Bedrosian
|
Pitching: RHP Gilberto Mendoza
|
|
Batting: RHB Rennie Stennett
|
0-0: SINGLE (Groundball, 34S, EV 71.3 MPH) (infield hit)
|
Batting: LHB Greg Walker
|
0-0: Foul Ball, location: 2F 0-1: Ball 1-1: Called Strike 1-2: Strikes out swinging
|
Batting: SHB Chili Davis
|
0-0: SINGLE (Groundball, 56D, EV 99.4 MPH) Rennie Stennett to second Runner from 2nd tries for 3rd, SAFE, throw by LF made to third
|
Batting: RHB Mike C Brown
|
0-0: Ball 1-0: DOUBLE (Flyball, 8RXD, EV 91.3 MPH) Rennie Stennett scores Chili Davis to third Runner from 3rd tries for Home, SAFE, no throw by CF
|
Batting: SHB Ron Oester
|
0-0: Ground out 6-3 (Groundball, 6M, EV 84.4 MPH) Mike C Brown to third
|
Batting: RHB William Max
|
0-0: Ball 1-0: Fly out, F7 (Flyball, 7, EV 88.1 MPH)
|
Bottom of the 5th over - 2 runs, 3 hits, 0 errors, 1 left on base; Houston 2 - Pittsburgh 5 |
TOP OF THE 6TH |
Houston Astros batting - Pitching for Pittsburgh Pirates : RHP Scott Lyman
|
Batting: LHB Steve Kemp
|
0-0: Called Strike 0-1: Called Strike 0-2: Ball 1-2: Ball 2-2: Ball 3-2: SOLO HOME RUN (Flyball, 9D, EV 96.3 MPH), Distance : 404 ft
|
Batting: RHB Zail Smith
|
0-0: Called Strike 0-1: Ball 1-1: Ball 2-1: Ball 3-1: Called Strike 3-2: Base on Balls
|
Batting: SHB Christopher Clark
|
0-0: Foul Ball, location: 2F 0-1: Swinging Strike 0-2: Foul Ball, location: 2F 0-2: Ball 1-2: Foul Ball, location: 2F 1-2: Ball 2-2: Ball 3-2: Reached on error, E4 (Groundball, 4, EV 93.8 MPH) Zail Smith to second
|
Batting: LHB Jerry Narron
|
0-0: Ball 1-0: Grounds into double play, 4-6-3 (Groundball, 4, EV 86.3 MPH) Zail Smith to third
|
Batting: SHB Tom Herr
|
0-0: Ball 1-0: Swinging Strike 1-1: Swinging Strike 1-2: Ground out 4-3 (Groundball, 4, EV 83.1 MPH)
|
Top of the 6th over - 1 run, 1 hit, 1 error, 1 left on base; Houston 3 - Pittsburgh 5 |
BOTTOM OF THE 6TH |
Pittsburgh Pirates batting - Pitching for Houston Astros : RHP Gilberto Mendoza
|
Pinch Hitting: SHB John Shelby
|
0-0: Called Strike 0-1: Fly out, F4 (Flyball, 4D, EV 84.4 MPH)
|
Pinch Hitting: LHB Jared Martin
|
0-0: Ball 1-0: Ball 2-0: Ball 3-0: Base on Balls
|
Pinch Hitting: LHB Alex Campos
|
0-0: Called Strike 0-1: Ball 1-1: Ball 2-1: Foul Ball, location: 2F 2-2: Foul Ball, location: 2F 2-2: Foul Ball, location: 2F 2-2: Strikes out swinging Jared Martin steals 2nd base (no throw) Batter strikes out.
|
Pinch Hitting: LHB Robert Lopez
|
0-0: Ball 1-0: Ball 2-0: Ball 3-0: Called Strike 3-1: Base on Balls
|
Pinch Hitting: RHB Rafael Santana
|
0-0: Foul Ball, location: 2F 0-1: Ball 1-1: Called Strike 1-2: SINGLE (Line Drive, 9S, EV 94.4 MPH) Jared Martin to third Robert Lopez to second Runner from 3rd tries for Home, SAFE, throw by RF to home
|
Pitching: RHP Ramon Molina
|
|
Now at 2B: Ricky Adams
|
|
Batting: SHB Chili Davis
|
0-0: Called Strike 0-1: Ball 1-1: Fly out, F9 (Line Drive, 9, EV 86.9 MPH)
|
Bottom of the 6th over - 1 run, 1 hit, 0 errors, 2 left on base; Houston 3 - Pittsburgh 6 |
TOP OF THE 7TH |
Houston Astros batting - Pitching for Pittsburgh Pirates : RHP Scott Lyman
|
Pitching: RHP Brian Kingman
|
|
Now at 1B: Jim Maler
|
|
Now at 2B: Robert Lopez
|
|
Now in LF: Dave Bialas
|
|
Now in RF: John Shelby
|
|
Batting: RHB Ricky Adams
|
0-0: Ball 1-0: Ball 2-0: Called Strike 2-1: Ball 3-1: Called Strike 3-2: Strikes out looking
|
Pinch Hitting: RHB Dave Valle
|
0-0: Ball 1-0: Foul Ball, location: 2F 1-1: Foul Ball, location: 2F 1-2: Strikes out swinging
|
Pinch Hitting: RHB Nick Esasky
|
0-0: Ball 1-0: Ball 2-0: Ball 3-0: Base on Balls
|
Pinch Hitting: RHB Danny Jasso
|
0-0: Ball 1-0: Foul Ball, location: 2F 1-1: Ball 2-1: Called Strike 2-2: SINGLE (Line Drive, 7LM, EV 110.6 MPH) Nick Esasky to second Runner from 2nd tries for 3rd, SAFE, throw by LF made to third
|
Pinch Hitting: RHB Mickey Hatcher
|
0-0: Ball 1-0: Called Strike 1-1: Ball 2-1: Fielders Choice at 2nd, 5-4 (Groundball, 56, EV 80.6 MPH)
|
Top of the 7th over - 0 runs, 1 hit, 0 errors, 2 left on base; Houston 3 - Pittsburgh 6 |
BOTTOM OF THE 7TH |
Pittsburgh Pirates batting - Pitching for Houston Astros : RHP Ramon Molina
|
Now at 1B: Dave Valle
|
|
Now at 3B: Nick Esasky
|
|
Now at SS: Danny Jasso
|
|
Now in RF: Mickey Hatcher
|
|
Batting: RHB Mike C Brown
|
0-0: Ball 1-0: Ground out 4-3 (Groundball, 4, EV 106.3 MPH)
|
Pinch Hitting: RHB Greg Schultz
|
0-0: Ball 1-0: Ball 2-0: Fly out, F8 (Line Drive, 8LM, EV 98.8 MPH)
|
Batting: RHB William Max
|
0-0: Ball 1-0: Foul Ball, location: 2F 1-1: Foul Ball, location: 2F 1-2: SINGLE (Flyball, 89S, EV 95.0 MPH)
|
Batting: SHB John Shelby
|
0-0: Called Strike 0-1: Ball 1-1: Called Strike 1-2: Ball 2-2: Foul Ball, location: 2F 2-2: Ground out 4-3 (Groundball, 4, EV 85.0 MPH)
|
Bottom of the 7th over - 0 runs, 1 hit, 0 errors, 1 left on base; Houston 3 - Pittsburgh 6 |
TOP OF THE 8TH |
Houston Astros batting - Pitching for Pittsburgh Pirates : RHP Brian Kingman
|
Now at SS: Greg Schultz
|
|
Batting: RHB Zail Smith
|
0-0: Called Strike 0-1: Ball 1-1: Fly out, F6 (Line Drive, 6, EV 71.9 MPH)
|
Pinch Hitting: RHB Ron Tingley
|
0-0: Called Strike 0-1: Ground out 2-3 (Groundball, 2R, EV 65.6 MPH)
|
Batting: LHB Jerry Narron
|
0-0: Ball 1-0: Ball 2-0: Foul Ball, location: 2F 2-1: SINGLE (Line Drive, 8LS, EV 102.5 MPH)
|
Pinch Hitting: LHB George Vukovich
|
0-0: Foul Ball, location: 2F 0-1: Ball 1-1: Fly out, F7 (Line Drive, 7D, EV 85.6 MPH)
|
Top of the 8th over - 0 runs, 1 hit, 0 errors, 1 left on base; Houston 3 - Pittsburgh 6 |
BOTTOM OF THE 8TH |
Pittsburgh Pirates batting - Pitching for Houston Astros : RHP Ramon Molina
|
Pitching: RHP Kennedy Corzel
|
|
Now in CF: Ron Tingley
|
|
Batting: RHB Jim Maler
|
0-0: Ball 1-0: Ball 2-0: Ball 3-0: Base on Balls
|
Batting: RHB Dave Bialas
|
0-0: SINGLE (Line Drive, 9S, EV 108.1 MPH) Jim Maler to second
|
Batting: LHB Robert Lopez
|
0-0: Called Strike 0-1: 3-RUN HOME RUN (Flyball, 7D, EV 101.3 MPH), Distance : 386 ft
|
Pinch Hitting: RHB Jorge Martinez
|
0-0: Foul Ball, location: 2F 0-1: Called Strike 0-2: Foul Ball, location: 2F 0-2: Fly out, F4 (Popup, 4S, EV 84.4 MPH)
|
Batting: SHB Chili Davis
|
0-0: Foul Ball, location: 2F 0-1: Ball 1-1: Swinging Strike 1-2: Fly out, F7 (Flyball, 7LM, EV 85.0 MPH)
|
Batting: RHB Mike C Brown
|
0-0: Called Strike 0-1: Ball 1-1: Ball 2-1: Foul Ball, location: 2F 2-2: Foul Ball, location: 2F 2-2: Foul Ball, location: 2F 2-2: Ball 3-2: Reached on error, E5 (Groundball, 56, EV 88.1 MPH)
|
Batting: RHB Greg Schultz
|
0-0: Foul Ball, location: 2F 0-1: Reached on error, E6 (Groundball, 6, EV 103.1 MPH) Mike C Brown to second
|
Batting: RHB William Max
|
0-0: Ball 1-0: Foul Ball, location: 2F 1-1: Ball 2-1: Ball 3-1: Swinging Strike 3-2: Foul Ball, location: 2F 3-2: Foul Ball, location: 2F 3-2: Base on Balls Mike C Brown to third Greg Schultz to second
|
Batting: SHB John Shelby
|
0-0: Swinging Strike 0-1: Ball 1-1: Swinging Strike Passed Ball! Mike C Brown scores Greg Schultz to third William Max to second 1-2: Ball 2-2: Strikes out swinging
|
Bottom of the 8th over - 4 runs, 2 hits, 2 errors, 2 left on base; Houston 3 - Pittsburgh 10 |
TOP OF THE 9TH |
Houston Astros batting - Pitching for Pittsburgh Pirates : RHP Brian Kingman
|
Pitching: RHP Mark Lemongello
|
|
Batting: RHB Ricky Adams
|
0-0: Ball 1-0: Called Strike 1-1: Foul Ball, location: 2F 1-2: Foul Ball, location: 2F 1-2: Ball 2-2: Fly out, F8 (Flyball, 8RD, EV 77.5 MPH)
|
Batting: RHB Dave Valle
|
0-0: Ground out 5-3 (Groundball, 56S, EV 65.0 MPH)
|
Batting: RHB Nick Esasky
|
0-0: Called Strike 0-1: Foul Ball, location: 2F 0-2: Ball 1-2: Ball 2-2: Strikes out swinging
|
Top of the 9th over - 0 runs, 0 hits, 0 errors, 0 left on base; Houston 3 - Pittsburgh 10 |
|